Map: White Rabbit LE

Players

Krystianer - Winner!

  • Race: Protoss Protoss
  • League: Grandmaster
  • Spawn Location: 1:00

Fjant

  • Race: Zerg Zerg
  • League: Grandmaster
  • Spawn Location: 7:00

VOD

Have the link to the VOD?

Description

Time

  • Played on: Jan. 31, 2026, 9:38 a.m.
  • Length: 11:05
Show
View Real Time Build Order
Export as new Build Order

Krystianer Protoss - Winner!

Build Orders: 1 Gate Expand, Oracle Opening, Archon Immortal, Archon Drop 

Get SALT Encoding   

  12  0:00  Probe  
  13  0:12  Probe  
  14  0:18  Pylon  
  14  0:24  Probe  
  15  0:32  Probe  
  15  0:37  Gateway  
  15  0:40  Probe  
  16  0:46  Assimilator  
  17  0:50  Probe  
  18  1:03  Probe  
  19  1:15  Probe  
  20  1:25  Nexus  
  20  1:31  Cybernetics Core  
  20  1:34  Probe  
  21  1:41  Assimilator  
  21  1:47  Probe  
  22  1:50  Pylon  
  22  1:58  Adept  
  22  1:59  Probe  
  24  2:11  Gateway  
  25  2:18  Adept  
  25  2:20  Stargate  
  26  2:32  Warp Gate  
  26  2:35  Probe  
  27  2:42  Probe  
  27  2:47  Probe  
  28  2:53  Shield Battery  
  28  2:54  Probe  
  28  2:55  Oracle  
  29  2:59  Probe  
  33  3:10  Probe  
  33  3:11  Probe  
  35  3:22  Probe  
  35  3:23  Probe  
  37  3:31  Probe  
  37  3:36  Probe, Robotics Facility  
  37  3:39  Probe, Assimilator  
  39  3:41  Assimilator  
  39  3:47  Twilight Council  
  40  3:48  Probe  
  40  3:49  Probe  
  42  3:58  Probe  
  42  4:01  Probe  
  44  4:06  Probe  
  44  4:11  Pylon  
  44  4:13  Probe  
  44  4:16  Gateway  
  46  4:17  Gateway  
  46  4:24  Warp Prism  
  46  4:29  Gateway  
  46  4:30  Probe x2  
  50  4:39  Zealot  
  50  4:42  Probe  
  53  4:46  Templar Archives  
  53  4:50  Pylon, Probe  
  54  5:08  Probe x2  
  54  5:09  Adept  
  58  5:20  Probe  
  59  5:27  Pylon  
  59  5:30  Probe  
  59  5:34  Gateway  
  60  5:40  Probe  
  60  5:42  Nexus, Probe  
  62  5:43  Pylon  
  62  5:45  High Templar x3  
  62  5:48  High Templar  
  70  5:51  Pylon, Immortal, Archon  
  70  5:52  Archon  
  70  5:59  Robotics Facility  
  70  6:01  Probe x2  
  78  6:04  Pylon  
  78  6:08  Shield Battery  
  78  6:13  Probe  
  78  6:18  Immortal, Blink  
  77  6:22  Probe  
  78  6:31  Sentry x4  
  90  6:38  Gateway x2  
  90  6:39  Probe  
  91  6:41  Pylon  
  91  6:42  Probe  
  91  6:44  Immortal  
  92  6:51  Probe  
  97  6:54  Probe x2  
  97  6:57  Immortal  
  99  7:05  Probe  
  99  7:07  Probe  
  105  7:10  Probe  
  106  7:17  Probe  
  106  7:19  Assimilator, Stalker x2  
  111  7:23  Assimilator  
  111  7:25  Forge  
  111  7:26  Stalker  
  111  7:27  Pylon  
  111  7:28  Probe  
  114  7:31  Probe  
  115  7:37  Probe  
  116  7:45  Pylon  
  116  7:48  Stalker x2  
  116  7:49  Stalker x2  
  116  7:51  Pylon  
  124  7:55  Phoenix  
  124  7:57  Protoss Ground Weapons Level 1  
  124  7:58  Pylon  
  124  8:03  Stargate  
  126  8:06  Pylon  
  126  8:14  Fleet Beacon  
  126  8:15  Stalker x2  
  126  8:19  Stalker  
  128  8:23  Stalker, Phoenix  
  128  8:25  Stalker  
  128  8:33  Stalker  
  126  8:35  Probe  
  126  8:36  Probe  
  122  8:46  Phoenix  
  122  8:50  Probe x3  
  125  9:02  Probe x2  
  127  9:03  Probe  
  126  9:10  Stalker x5  
  126  9:18  Stalker x2  
  103  9:31  Probe  
  103  9:40  Stalker x4, Probe x2  
  103  9:43  Probe  
  114  9:53  Stalker x3  
  120  10:00  Probe  
  118  10:16  Stalker x5  
  118  10:17  Zealot  
  118  10:18  Probe  
  118  10:21  Probe  
  125  10:25  Stalker  
  125  10:27  Probe  
  120  10:30  Probe  
  121  10:38  Stalker  
  121  10:40  Stalker x4  
  124  10:46  Stalker  
  124  10:47  Probe  
  124  10:48  Probe x2  
  113  10:58  Stalker  
Show
View Real Time Build Order
Export as new Build Order

Fjant Zerg 

Build Orders: Pool First 

Get SALT Encoding   

  12  0:00  Drone  
  13  0:09  Drone  
  13  0:14  Extractor, Drone  
  14  0:31  Spawning Pool  
  14  0:34  Drone  
  14  0:39  Extractor  
  14  0:41  Drone  
  15  0:49  Overlord  
  15  1:08  Drone  
  16  1:17  Metabolic Boost  
  17  1:18  Zergling x4  
  17  1:23  Zergling x2  
  19  1:28  Queen  
  21  1:50  Drone  
  22  1:57  Hatchery  
  22  2:00  Drone, Overlord  
  22  2:18  Extractor, Queen  
  22  2:20  Spore Crawler  
  22  2:22  Drone x2  
  26  2:29  Drone  
  27  2:47  Drone  
  28  2:53  Drone  
  28  2:54  Hatchery  
  28  3:00  Queen  
  30  3:05  Overlord  
  30  3:10  Drone  
  31  3:13  Drone  
  31  3:15  Drone  
  33  3:21  Overlord  
  33  3:28  Queen  
  33  3:32  Drone  
  36  3:35  Drone  
  36  3:38  Spore Crawler  
  36  3:39  Drone  
  37  3:41  Drone  
  37  3:45  Drone  
  37  3:48  Drone x2  
  41  4:01  Drone  
  41  4:02  Drone  
  42  4:05  Drone x2  
  44  4:16  Roach Warren  
  44  4:17  Drone x6  
  49  4:25  Overlord  
  49  4:29  Drone  
  50  4:31  Extractor  
  50  4:33  Extractor  
  50  4:34  Drone  
  50  4:35  Drone  
  50  4:46  Drone  
  50  4:47  Drone x2  
  50  4:51  Drone x3  
  56  5:04  Roach x5  
  56  5:05  Overlord x3  
  66  5:10  Lair  
  66  5:21  Overlord  
  65  5:26  Roach x7  
  79  5:33  Roach x2  
  79  5:35  Drone  
  85  5:43  Roach x3  
  85  5:49  Drone  
  92  5:50  Drone x6  
  96  5:57  Drone x2  
  96  6:04  Extractor, Drone  
  97  6:05  Extractor x2  
  96  6:12  Drone x3, Spire  
  98  6:18  Spore Crawler  
  98  6:20  Overlord  
  98  6:23  Drone x3  
  97  6:26  Spore Crawler  
  97  6:28  Spore Crawler  
  97  6:29  Drone x4  
  97  6:30  Drone  
  99  6:36  Overlord  
  100  6:40  Overlord  
  100  6:43  Drone x5  
  100  6:44  Drone  
  106  6:48  Overlord  
  106  6:50  Overlord  
  106  6:54  Overlord  
  104  7:16  Drone x2  
  104  7:19  Mutalisk x8  
  122  7:25  Glial Reconstitution  
  122  7:37  Roach x4  
  122  7:41  Overlord x2  
  130  7:46  Overlord  
  130  7:49  Hatchery  
  129  7:56  Overlord  
  129  7:57  Overlord x2  
  127  8:01  Spore Crawler  
  126  8:07  Overlord  
  126  8:09  Drone x2  
  126  8:10  Drone  
  126  8:11  Roach x4  
  137  8:22  Roach x9  
  155  8:32  Roach  
  155  8:33  Ravager x9  
  166  8:39  Zergling x10  
  171  8:46  Ravager x3  
  168  8:49  Zergling x16  
  174  9:02  Zergling x6  
  170  9:09  Roach x6  
  162  9:20  Roach x6  
  157  9:26  Zergling x2  
  157  9:27  Zergling x2  
  157  9:29  Roach  
  136  9:38  Roach x5  
  128  9:41  Queen x2  
  131  9:45  Roach  
  131  9:46  Roach x6  
  131  9:48  Roach x2  
  136  9:58  Roach x2  
  136  9:59  Roach x2  
  141  10:04  Hydralisk Den  
  141  10:06  Roach  
  141  10:07  Roach x3  
  148  10:11  Roach  
  148  10:12  Roach x4  
  143  10:23  Zergling x10  
  143  10:26  Roach x3  
  121  10:30  Roach x2  
  121  10:34  Roach  
  121  10:35  Roach x3  
  111  10:43  Roach  
  111  10:44  Zergling x4  
Tags
 
Add a new tag
Caveats
  • Supply blocks, unpowered buildings, or Contaminate may cause inaccurate times.
  • Supply counts are checked every 10 seconds.